 Dungeon Crawl Stone Soup version 0.29.1-1-gd02db6906a (webtiles) character file.

Game seed: 6487051793615929145

12701 hawla the Thaumaturge (level 12, -9/89 HPs)
             Began as a Meteoran Air Elementalist on Oct 21, 2022.
             Was a Believer of Vehumet.
             Mangled by a white ugly thing (26 damage)
             ... on level 12 of the Dungeon.
             The game lasted 00:37:31 (6992 turns).

hawla the Thaumaturge (Meteoran Air Elementalist)   Turns: 6992, Time: 00:37:32

Health: -9/89      AC: 11    Str: 14    XL:     12   Next: 53%
Magic:  31/31      EV: 15    Int: 25    God:    Vehumet [**....]
Gold:   645        SH:  0    Dex: 16    Spells: 31/39 levels left

rFire   + . .      SeeInvis .   f - +2 great mace (spect)
rCold   . . .      Faith    .   (shield currently unavailable)
rNeg    . . .      Spirit   .   d - +1 steam dragon scales
rPois   .          Reflect  .   r - +2 hat
rElec   .          Harm     .   (no cloak)
rCorr   .          Rampage  .   m - +0 pair of gloves
Will    +....                   (no boots)
Stlth   +.........              c - amulet of magic regeneration
HPRegen 0.24/turn               q - ring of protection from fire
MPRegen 0.62/turn               y - +6 ring of intelligence

@: glowing
A: sense surroundings 2, otherworldly, glowing, explore regen, hooves 1,
iridescent scales 1, strong 1
a: Renounce Religion


You were on level 12 of the Dungeon.
You worshipped Vehumet.
Vehumet was pleased with you.
You visited 2 branches of the dungeon, and saw 13 of its levels.

You collected 691 gold pieces.
You spent 46 gold pieces at shops.

Inventory:

Hand Weapons
 f - a +2 spectral great mace (weapon)
Armour
 d - +1 steam dragon scales (worn)
 m - a +0 pair of gloves (worn)
 r - a +2 hat (worn)
Jewellery
 c - an amulet of magic regeneration (around neck)
 q - a ring of protection from fire (left hand)
 t - a ring of willpower
 y - a +6 ring of intelligence (right hand)
 E - an amulet of reflection
 H - a +4 ring of protection
Wands
 i - a wand of iceblast (55) (quivered)
 j - a wand of polymorph (10)
 x - a wand of mindburst (18)
 D - a wand of flame (24)
 G - a wand of light (2)
Scrolls
 a - 2 scrolls of identify
 h - a scroll of magic mapping
 s - a scroll of fog
 v - 2 scrolls of teleportation
 w - a scroll of amnesia
 B - a scroll of blinking
 C - a scroll of brand weapon
Potions
 b - a potion of magic
 e - 8 potions of curing
 g - 2 potions of might
 k - a potion of cancellation
 l - 2 potions of resistance
 n - 4 potions of brilliance
 o - 2 potions of heal wounds
 p - 3 potions of attraction {unknown}
 u - 3 potions of lignification
 A - a potion of ambrosia


   Skills:
 + Level 3.5 Fighting
 + Level 2.9 Maces & Flails
 + Level 5.8 Dodging
 - Level 1.4 Stealth
 + Level 14.3 Spellcasting
 + Level 8.9 Conjurations
 + Level 13.3 Air Magic
 + Level 2.0 Evocations


You had 31 spell levels left.
You knew the following spells:

 Your Spells              Type           Power      Damage    Failure   Level
b - Static Discharge      Conj/Air       65%        3-12/arc  1%          2
c - Searing Ray           Conj           100%       2d8       1%          2
d - Airstrike             Air            35%        2d(6-22)  1%          4

Your spell library contained the following spells:

 Spells                   Type           Power      Damage    Failure   Level
 Poisonous Vapours        Pois/Air       100%       N/A       1%          2
 Magic Dart               Conj           100%       1d8       1%          1
 Shock                    Conj/Air       100%       1d9       1%          1
 Stone Arrow              Conj/Erth      80%        3d12      1%          3
 Swiftness                Air            71%        N/A       1%          3
 Beastly Appendage        Tmut           34%        N/A       3%          1
 Necrotise                Necr           68%        1d7       3%          1
 Wereblood                Tmut           17%        N/A       4%          2
 Fulminant Prism          Conj/Hex       20%        3d13      4%          4
 Spider Form              Tmut/Pois      17%        N/A       10%         3
 Vampiric Draining        Necr           17%        2d7       10%         3
 Animate Armour           Summ/Erth      34%        N/A       30%         4
 Leda's Liquefaction      Hex/Erth       8%         N/A       30%         4
 Agony                    Necr           17%        N/A       65%         5
 Lee's Rapid Deconstruct  Erth           8%         3d8*      65%         5
 Statue Form              Tmut/Erth      11%        N/A       99%         6
 Lehudib's Crystal Spear  Conj/Erth      20%        10d6      100%        8


Dungeon Overview and Level Annotations

Branches:
Dungeon (12/15) Zot: 145   Temple (1/1) D:7 Zot: 598    Lair (0/5) D:8
    Orc (0/2) D:11

Altars:
Ashenzari
Cheibriados
Dithmenos
Fedhas
Gozag
Hepliaklqana
Nemelex Xobeh
Okawaru
Qazlal
Ru
Sif Muna
Uskayaw
Vehumet
Wu Jian
Xom

Shops:
D:1 *

Annotations:
D:5 5 runed translucent doors, om's ghost, amateur DjIE
D:11 1 transporter


Innate Abilities, Weirdness & Mutations

You passively map the area around you.
You are easily found by Zot.
You glow in the dark.
You regain HP and MP as you explore.
You have large cloven feet.
You are partially covered in iridescent scales. (AC +2)
Your muscles are strong. (Str +4, Int/Dex -1)


Message History

The vampire mosquito is severely damaged.
Your +2 spectral great mace hits the vampire mosquito!
You destroy the vampire mosquito!
Vehumet accepts your kill.
No target in view!
No target in view!
A vampire mosquito comes into view.
The vampire mosquito buzzes angrily.
You bludgeon the vampire mosquito!! Your kick misses the vampire mosquito.
The vampire mosquito is severely damaged.
Your +2 spectral great mace hits the vampire mosquito!!
You destroy the vampire mosquito!
Vehumet accepts your kill.
No target in view!
No target in view!
You swap places.
You now have 621 gold pieces (gained 19).
Found a stone staircase leading down.
Found a robe.
Found a stone staircase leading up.
There is a stone staircase leading down here.
A wraith comes into view.
A wraith is nearby!
You hit the wraith. You kick the wraith.
The wraith is moderately damaged.
Your +2 spectral great mace hits the wraith!!
You destroy the wraith!
Vehumet accepts your kill.
No target in view!
No target in view!
You now have 645 gold pieces (gained 24).
A white ugly thing comes into view.
You see here 15 gold pieces.
The white ugly thing kicks you! The white ugly thing freezes you!!
You closely miss the white ugly thing. Your kick misses the white ugly thing.
Your +2 spectral great mace hits the white ugly thing.
The white ugly thing kicks you. The white ugly thing freezes you!!
The white ugly thing kicks you!
* * * LOW HITPOINT WARNING * * *
The white ugly thing freezes you!!
You die...

#...........####.#########.*
#.####.#.........# , *
#.####.#.##.####.#
#.##.....##.# ##+##
#.##.#.####.###...##
#.##.#.# #.##.....## ***, *
#......####.#.......## ,,
####.................# ,#.##
#...........$@u...+ ....
#....####.....(...# #.##
#....# ##.......## ####.#
##.....## *, #.# ##...## *
#.# ##+## #.# ** * #. ** *,
* *


You could see a white ugly thing and a friendly +2 spectral great mace
(summoned).

Vanquished Creatures
  A two-headed ogre (D:10)
  Nergalle (D:11)
  Urug (D:10)
  A cyclops (D:12)
  2 manticores (D:11)
  A gargoyle (D:11)
  Maggie (D:8)
  Psyche (D:11)
  A komodo dragon (D:12)
  A hornet (D:10)
  Grinder (D:5)
  A shadow (D:10)
  A vampire (D:10)
  4 wraiths
  Eustachio (D:5)
  5 wyverns (D:8)
  4 yaks (D:8)
  A basilisk (D:8)
  Grum (D:8)
  2 vampire mosquitoes (D:12)
  4 water moccasins (D:8)
  2 black bears (D:5)
  5 orc warriors
  2 ice beasts (D:8)
  An ogre (D:5)
  3 wolves (D:8)
  A phantom (D:4)
  5 centaurs
  6 bullfrogs
  4 kobold brigands
  2 necrophages
  5 scorpions
  9 wights
  7 killer bees
  2 howler monkeys (D:8)
  A hound (D:4)
  A jelly (D:7)
  3 gnoll boudas
  6 orc priests
  3 iguanas
  11 orc wizards
  10 gnolls
  6 adders
  2 shadow imps
  A white imp (D:6)
  A worm (D:4)
  A dart slug (D:5)
  63 orcs
  10 ball pythons
  9 endoplasms
  6 giant cockroaches
  7 goblins
  5 hobgoblins
  15 kobolds
  3 quokkas
  9 bats
  10 frilled lizards
  4 rats
  A butterfly (D:7)
278 creatures vanquished.

Vanquished Creatures (collateral kills)
  Maurice (D:8)
  2 yaks (D:8)
3 creatures vanquished.

Vanquished Creatures (others)
  An orc wizard (D:11)
  4 fungi (D:8)
  17 plants
22 creatures vanquished.

Grand Total: 303 creatures vanquished

Notes
Turn   | Place    | Note
-------+----------+-------------------------------------------
     0 | D:1      | hawla the Meteoran Air Elementalist began the quest for the
                  | Orb.
     0 | D:1      | Reached XP level 1. HP: 14/14 MP: 5/5
    61 | D:1      | Reached XP level 2. HP: 20/20 MP: 3/6
    85 | D:1      | Learned a level 2 spell: Static Discharge
   125 | D:1      | Reached skill level 3 in Spellcasting
   185 | D:1      | Reached XP level 3. HP: 24/26 MP: 2/8
   433 | D:1      | Found Hunofihu's Assorted Antiques.
   438 | D:1      | Bought a scroll labelled HIREAM ITIRU for 23 gold pieces
   438 | D:1      | Bought a scroll labelled RIDIG KENUER for 23 gold pieces
   500 | D:1      | Glimpsed the power of Zot.
   797 | D:2      | Reached XP level 4. HP: 30/33 MP: 7/10
   800 | D:2      | Learned a level 2 spell: Searing Ray
  1100 | D:2      | Glimpsed the power of Zot.
  1150 | D:2      | Glimpsed the power of Zot.
  1186 | D:2      | Reached XP level 5. HP: 11/38 MP: 0/11
  1285 | D:3      | Reached skill level 4 in Spellcasting
  1482 | D:3      | Reached skill level 5 in Air Magic
  1699 | D:3      | Glimpsed the power of Zot.
  1743 | D:4      | Reached XP level 6. HP: 33/45 MP: 5/13
  1938 | D:4      | Found a hide-covered altar of Uskayaw.
  1973 | D:4      | Reached skill level 1 in Fighting
  1973 | D:4      | Reached skill level 5 in Spellcasting
  1973 | D:4      | Reached XP level 7. HP: 52/52 MP: 9/15
  1978 | D:4      | Learned a level 4 spell: Airstrike
  2299 | D:4      | Glimpsed the power of Zot.
  2333 | D:5      | Entered Level 5 of the Dungeon
  2337 | D:5      | Reached skill level 6 in Spellcasting
  2337 | D:5      | Reached XP level 8. HP: 38/59 MP: 12/18
  2340 | D:5      | Noticed Eustachio
  2344 | D:5      | Killed Eustachio
  2400 | D:5      | Found a runed translucent gate.
  2400 | D:5      | Found a runed translucent gate.
  2400 | D:5      | Found a runed translucent gate.
  2405 | D:5      | Noticed om's ghost (amateur DjIE)
  2414 | D:5      | Identified the +1 dagger of Invincibility {flame, Drain
                  | +Blink rPois Int+3}
  2414 | D:5      | Identified the +2 leather armour of the Sea {rN++ Dex+2}
  2430 | D:5      | Reached skill level 7 in Spellcasting
  2494 | D:5      | Reached skill level 5 in Conjurations
  2632 | D:5      | Noticed Grinder
  2637 | D:5      | Killed Grinder
  2638 | D:5      | Reached skill level 8 in Spellcasting
  2638 | D:5      | Gained mutation: You passively map the area around you.
                  | [Meteoran growth]
  2638 | D:5      | Reached XP level 9. HP: 64/64 MP: 3/22
  2736 | D:5      | Found a large runed translucent door.
  2738 | D:5      | Found a large runed translucent door.
  2900 | D:5      | Glimpsed the power of Zot.
  3079 | D:6      | Found an opulent altar of Gozag.
  3132 | D:6      | Found a shimmering blue altar of Sif Muna.
  3319 | D:6      | Found a sacrificial altar of Ru.
  3501 | D:6      | Glimpsed the power of Zot.
  3581 | D:7      | Reached skill level 9 in Spellcasting
  3800 | D:7      | Found a staircase to the Ecumenical Temple.
  3808 | Temple   | Entered the Ecumenical Temple
  4104 | D:7      | Glimpsed the power of Zot.
  4123 | D:8      | Reached XP level 10. HP: 65/73 MP: 18/24
  4161 | D:8      | Reached skill level 1 in Evocations
  4175 | D:8      | Noticed Grum
  4186 | D:8      | Reached skill level 10 in Air Magic
  4187 | D:8      | Killed Grum
  4188 | D:8      | Reached skill level 10 in Spellcasting
  4544 | D:8      | Reached skill level 11 in Spellcasting
  4621 | D:8      | Noticed Maggie
  4636 | D:8      | Killed Maggie
  4675 | D:8      | Identified the +3 arbalest of Causality {freeze, rF+ rN+}
  4679 | D:8      | Noticed Maurice
  4688 | D:8      | Killed Maurice
  4689 | D:8      | Reached XP level 11. HP: 59/81 MP: 27/27
  4709 | D:8      | Found a shadowy altar of Dithmenos.
  4802 | D:8      | Reached skill level 12 in Spellcasting
  4896 | D:8      | Found a staircase to the Lair.
  4945 | D:8      | Found a snail-covered altar of Cheibriados.
  4957 | D:8      | Found a blossoming altar of Fedhas.
  5234 | D:8      | Found an ornate altar of the Wu Jian Council.
  5297 | D:8      | Glimpsed the power of Zot.
  5348 | D:9      | Glimpsed the power of Zot.
  5359 | D:10     | Entered Level 10 of the Dungeon
  5359 | D:10     | Found a radiant altar of Vehumet.
  5367 | D:10     | Became a worshipper of Vehumet
  5628 | D:10     | Reached skill level 5 in Dodging
  5712 | D:10     | Noticed a two-headed ogre
  5715 | D:10     | Killed a two-headed ogre
  5716 | D:10     | Reached skill level 13 in Spellcasting
  5798 | D:10     | Noticed Urug
  5801 | D:10     | Killed Urug
  5817 | D:10     | Reached * piety under Vehumet
  5817 | D:10     | Offered knowledge of Freeze by Vehumet.
  5845 | D:10     | Reached XP level 12. HP: 89/89 MP: 22/30
  5898 | D:10     | Glimpsed the power of Zot.
  5966 | D:11     | Noticed Nergalle
  5972 | D:11     | Killed Nergalle
  5974 | D:11     | Noticed a two-headed ogre
  6041 | D:11     | Reached skill level 1 in Maces & Flails
  6087 | D:11     | Noticed Psyche
  6089 | D:11     | Killed Psyche
  6090 | D:11     | Reached skill level 14 in Spellcasting
  6133 | D:11     | Found a transporter.
  6203 | D:11     | Reached ** piety under Vehumet
  6204 | D:11     | Offered knowledge of Poisonous Vapours by Vehumet.
  6232 | D:11     | Found a staircase to the Orcish Mines.
  6381 | D:11     | Noticed a six-headed hydra
  6383 | D:11     | Noticed a two-headed ogre
  6512 | D:12     | Gained mutation: You are partially covered in iridescent
                  | scales. (AC +2) [potion of mutation]
  6512 | D:12     | Gained mutation: Your muscles are strong. (Str +4, Int/Dex
                  | -1) [potion of mutation]
  6512 | D:12     | Gained mutation: You have large cloven feet. [potion of
                  | mutation]
  6992 | D:12     | Mangled by a white ugly thing

Illustrated notes

Levels and vault maps discovered:
D:1:      dpeg_arrival_orchard, layout_loops_ring, serial_shops,
          nicolae_square_shop
D:2:      layout_basic
D:3:      layout_basic, mainiacjoe_overflow_alcove_1, makhleb_altar_promises_db,
          minivault_24, dreamdust_princess_corridor
D:4:      minmay_skewed_foursquare, layout_basic, mainiacjoe_overflow_paths
D:5:      layout_gridville, jmf_multi_god_temple2, biasface_ghost_orc_armoury,
          serial_shops, nicolae_diamond_shop, minmay_lizard_king,
          uniq_eustachio, uniq_grinder
D:6:      layout_basic, dreamdust_divine_triumvirate, lemuel_doored_altar,
          grunt_gozag_breadcrumbs, hangedman_ru_absence, uniq_sigmund
D:7:      layout_loops_ring, minmay_temple_entry_butterflies
D:8:      layout_loops_cross, cheibriados_altar_1, general_overflow_altar,
          pdpol_wu_jian_five_deadly_venoms, overflow_temple_1_default,
          minmay_lair_entry_grove, minmay_joined_circles, uniq_maurice,
          uniq_grum, uniq_maggie
D:9:      layout_rooms, hellmonk_guarded_unrand_zhor
D:10:     layout_stronghold, lemuel_crystal_altar, grunt_ministairs_6, uniq_urug
D:11:     gammafunk_beogh_shrine, layout_basic, hiddenorc2_lemuel,
          lemuel_zombie_altar_yredelemnul, uniq_nergalle, uniq_psyche
D:12:     layout_loops_corners, grunt_dithmenos_shadows
Temple:   hellmonk_temple_micro_hex

Skill      XL: |  1  2  3  4  5  6  7  8  9 10 11 12 |
---------------+-------------------------------------+-----
Air Magic      | 4 5 6 8 9 11 12 13 | 13.3
Spellcasting   | 3 4 5 6 8 9 11 13 14 | 14.3
Conjurations   | 2 3 4 5 6 7 8 |  8.9
Fighting       | 1 2 3 |  3.5
Dodging        | 3 4 5 |  5.8
Evocations     | 2 |  2.0
Maces & Flails | 2 |  2.9
Stealth        | |  1.4

Action                   |  1- 3 |  4- 6 |  7- 9 | 10-12 || total
-------------------------+-------+-------+-------+-------++-------
Melee: Unarmed           |    18 |     2 |    15 |     5 ||    40
       Great mace        |       |       |       |    58 ||    58
       Kick              |       |       |       |     1 ||     1
 Cast: Shock             |    46 |    32 |    25 |    24 ||   127
       Static Discharge  |     8 |     9 |    35 |    59 ||   111
       Searing Ray       |       |    17 |    12 |    45 ||    74
       Airstrike         |       |       |    36 |    38 ||    74
  Use: Scroll            |     2 |     4 |     9 |    11 ||    26
       Potion            |       |       |       |     3 ||     3
Armor: Robe              |    11 |     7 |     8 |    10 ||    36
       Steam dragon scal |       |       |       |    50 ||    50
       Skin              |       |       |       |    62 ||    62
Dodge: Dodged            |    14 |     5 |    36 |   126 ||   181
